 Dungeon Crawl Stone Soup version 0.26.0-10-g1f06aea511 (webtiles) character file.

Game seed: 2649302066097953289

113 EnegeticOcto the Covered (level 4, -7/42 HPs)
             Began as a Deep Dwarf Fighter on Jan 24, 2021.
             Mangled by a gnoll
             ... wielding a +0 halberd
              (8 damage)
             ... on level 3 of the Dungeon.
             The game lasted 00:00:24 (562 turns).

EnegeticOcto the Covered (Deep Dwarf Fighter)        Turns: 562, Time: 00:00:25

Health: -7/42      AC:  7    Str: 20    XL:     4   Next: 65%
Magic:  2/2        EV:  7    Int:  9    God:
Gold:   53         SH:  9    Dex: 12    Spells: 3/3 levels left

rFire    . . .     SeeInvis .   a - +0 war axe
rCold    . . .     Faith    .   c - +0 kite shield
rNeg     . . .     Spirit   .   b - +0 scale mail
rPois    .         Reflect  .   (no helmet)
rElec    .         Harm     .   (no cloak)
rCorr    .         Rampage  .   (no gloves)
Will     .....                  (no boots)
Stlth    ..........             (no amulet)
HPRegen  0.00/turn              (no ring)
MPRegen  0.08/turn              (no ring)

@: non-regenerating
A: damage resistance, heal wounds, sense surroundings 1, no regeneration
a: Heal Wounds


You were on level 3 of the Dungeon.
You visited 1 branch of the dungeon, and saw 3 of its levels.

You collected 53 gold pieces.

Inventory:

Hand Weapons
 a - a +0 war axe (weapon)
Armour
 b - a +0 scale mail (worn)
 c - a +0 kite shield (worn)
Scrolls
 e - a scroll of blinking {unknown}
 f - a scroll of teleportation {unknown}
 j - a scroll of remove curse {unknown}
Potions
 d - a potion of might {@q3}
 g - a potion of brilliance {unknown}
 h - 2 potions of cancellation {unknown}
 i - a potion of haste {unknown}
 k - a potion of curing {unknown}


   Skills:
 + Level 3.2 Fighting
 * Level 3.8 Axes
 + Level 4.0 Armour
 + Level 3.9 Shields


You had 3 spell levels left.
You didn't know any spells.
Your spell library was empty.

Dungeon Overview and Level Annotations

Branches:
Dungeon (3/15)

Altars:
Ru


Innate Abilities, Weirdness & Mutations

You are resistant to damage.
You can heal yourself by infusing magical energy.
You passively map a small area around you.
You do not regenerate.


Message History

The gnoll hits you but does no damage.
The gnoll hits you from afar with a +0 spear.
The gnoll barely misses you. The gnoll completely misses you.
Things that are here:
a +0 short sword; an orc corpse You slash the gnoll!
The gnoll is severely wounded.
A frilled lizard comes into view.
The gnoll hits you from afar with a +0 spear.
The gnoll hits you but does no damage.
The gnoll hits you from afar with a +0 halberd.
The frilled lizard moves out of view.
Your shield and scale mail prevent you from hitting the gnoll.
The gnoll is severely wounded.
The gnoll hits you from afar with a +0 spear.
The gnoll hits you but does no damage.
The gnoll hits you from afar with a +0 halberd.
The gnoll barely misses you.
You slash the gnoll!
You kill the gnoll!
The gnoll closely misses you.
The gnoll hits you from afar with a +0 spear.
You closely miss the gnoll. The gnoll hits you with a +0 club.
The gnoll hits you but does no damage.
The gnoll hits you from afar with a +0 halberd.
The gnoll closely misses you.
You hit the gnoll but do no damage.
The gnoll hits you from afar with a +0 spear.
You block the gnoll's attack. The gnoll barely misses you. x2
You hit the gnoll.
The gnoll is lightly wounded.
You block the gnoll's attack. x3
You hit the gnoll but do no damage.
The gnoll is lightly wounded.
You block the gnoll's attack. The gnoll completely misses you.
The gnoll closely misses you. The gnoll hits you but does no damage.
The gnoll barely misses you.
You barely miss the gnoll.
The gnoll is lightly wounded.
You block the gnoll's attack. The gnoll closely misses you.
The gnoll barely misses you.
The gnoll hits you from afar with a +0 halberd.
You barely miss the gnoll.
The gnoll is lightly wounded.
You block the gnoll's attack. The gnoll hits you with a +0 club.
The gnoll hits you from afar with a +0 halberd.
Your shield prevents you from hitting the gnoll.
The gnoll is lightly wounded.
The gnoll hits you from afar with a +0 spear.
You block the gnoll's attack.
The gnoll hits you from afar with a +0 halberd.
The gnoll hits you from afar with a +0 spear.
You hit the gnoll.
The gnoll is moderately wounded.
The gnoll hits you with a +0 club.
The gnoll hits you from afar with a +0 halberd.
The gnoll hits you from afar with a +0 spear.
You block the gnoll's attack.
You are too injured to fight recklessly!
You are too injured to fight recklessly!
You are too injured to fight recklessly!
You are too injured to fight recklessly!
You are too injured to fight recklessly!
You are too injured to fight recklessly!
Your magical essence is drained by the effort!
You feel much better. You block the gnoll's attack.
The gnoll closely misses you. The gnoll hits you with a +0 club.
You hit the gnoll.
The gnoll is severely wounded.
The gnoll barely misses you. The gnoll hits you but does no damage.
The gnoll closely misses you.
You closely miss the gnoll.
The gnoll is severely wounded.
You block the gnoll's attack.
The gnoll hits you from afar with a +0 halberd!
The gnoll hits you with a +0 club. You block the gnoll's attack.
You hit the gnoll.
The gnoll is almost dead.
The gnoll hits you from afar with a +0 halberd!
* * * LOW HITPOINT WARNING * * *
The gnoll hits you with a +0 club.
* * * LOW HITPOINT WARNING * * *
The gnoll hits you from afar with a +0 spear.
* * * LOW HITPOINT WARNING * * *
You block the gnoll's attack.
You hit the gnoll.
You kill the gnoll!
The gnoll completely misses you. The gnoll closely misses you.
You block the gnoll's attack.
Your Armour skill increases to level 4!
You closely miss the frilled lizard. You block the frilled lizard's attack.
The gnoll hits you from afar with a +0 spear.
* * * LOW HITPOINT WARNING * * *
You block the gnoll's attack. The frilled lizard bites you.
* * * LOW HITPOINT WARNING * * *
You slash the frilled lizard!
You kill the frilled lizard!
You block the gnoll's attack.
The gnoll hits you from afar with a +0 halberd!
You die...

#.##.#...#.......###
#.....<#†..##...##
#.....### .#.# , ,,
* #.....####.#... *
#....#..........## *
.....###...###.#.##
#.###. #.......... ,
. ,..#...#$.##.###,
* * *#.......#@# * *
* .....##.#)# * *
.....,..g.g, , ,
#########..., #..#.
* ##.#.# , .. # *, ,
*.# * * * ,


You could see 2 gnolls.

Vanquished Creatures
  Terence (D:2)
  5 gnolls
  2 adders (D:2)
  A dart slug (D:2)
  An orc (D:3)
  A giant cockroach (D:2)
  2 goblins
  2 hobgoblins (D:2)
  A kobold (D:2)
  A quokka (D:2)
  A bat (D:2)
  2 frilled lizards
  4 rats
24 creatures vanquished.

Notes
Turn   | Place    | Note
-------+----------+-------------------------------------------
     0 | D:1      | EnegeticOcto the Deep Dwarf Fighter began the quest for the
                  | Orb.
     0 | D:1      | Reached XP level 1. HP: 20/20 MP: 1/1
   274 | D:2      | Reached XP level 2. HP: 14/27 MP: 2/2
   276 | D:2      | Found a faded altar of an unknown god.
   325 | D:2      | Reached XP level 3. HP: 26/34 MP: 2/2
   363 | D:2      | Found a sacrificial altar of Ru.
   481 | D:2      | Noticed Terence
   496 | D:2      | Killed Terence
   497 | D:2      | Reached XP level 4. HP: 34/42 MP: 3/3
   561 | D:3      | Reached skill level 4 in Armour
   561 | D:3      | HP: 2/42 [gnoll/+0 spear (3)]
   562 | D:3      | Mangled by a gnoll

Illustrated notes

Levels and vault maps discovered:
D:1:      dpeg_arrival_erosion, layout_loops_corners, minmay_misc_feat_plants
D:2:      layout_rooms, nicolae_overflow_crystal_walls,
          chequers_ecumenical_altar_island, uniq_terence
D:3:      layout_rooms, minmay_pentomino_pile

Skill      XL: |  1  2  3  4 |
---------------+-------------+-----
Fighting       | 3 |  3.2
Axes           | 3 |  3.8
Armour         | 4 |  4.0
Shields        | |  3.9

Action                   |  1- 3 |  4- 6 || total
-------------------------+-------+-------++-------
Melee: War axe           |    74 |    25 ||    99
 Abil: Heal Wounds       |     3 |     1 ||     4
Armor: Scale mail        |    41 |     9 ||    50
Dodge: Dodged            |    25 |    20 ||    45
Block: Kite shield       |    26 |    19 ||    45
